 Dungeon Crawl Stone Soup version 0.29-a0-338-g1ff7896281 (webtiles) character file.

Game seed: 15963916012712998126

4380 spaghetti the Fighter (level 10, -4/99 HPs)
             Began as a Deep Dwarf Fire Elementalist on Apr 18, 2022.
             Was a Follower of Ru.
             Succumbed to orange demon's concentrated venom
             ... on level 8 of the Dungeon.
             The game lasted 00:30:22 (7827 turns).

spaghetti the Fighter (DDFE)                        Turns: 7827, Time: 00:30:22

Health: -4/99      AC: 11    Str:  7    XL:     10   Next: 13%
Magic:  1/1        EV: 13    Int: 21    God:    Ru [*.....]
Gold:   1644       SH:  0    Dex: 15    Spells: 3/12 levels left

rFire   . . .      SeeInvis .   t - +9 short sword "Geim" {vorpal, rN+ Str-4 Stlth+, short}
rCold   + . .      Faith    .   (no shield)
rNeg    + . .      Spirit   .   d - +4 ring mail of Japhen {Dex+4}
rPois   .          Reflect  .   m - +0 helmet
rElec   .          Harm     .   (no cloak)
rCorr   .          Rampage  .   (no gloves)
Will    +....      Clarity  +   l - +0 pair of boots
Stlth   +++.......              h - amulet of magic regeneration {@e2}
HPRegen 0.00/turn               g - ring of protection from cold
MPRegen 0.47/turn               (no ring)

@: lethally poisoned (-4 -> -70), overwhelmed with horror, slowed, very slow
A: damage resistance, heal wounds, sense surroundings 2, cowardly, no
regeneration, camouflage 1, clarity, clumsy 1
a: Heal Wounds, Renounce Religion


You were on level 8 of the Dungeon.
You worshipped Ru.
Ru was aware of your devotion.
You visited 1 branch of the dungeon, and saw 9 of its levels.

You collected 1644 gold pieces.


Innate Abilities, Weirdness & Mutations

You are resistant to damage.
You can heal yourself by infusing magical energy.
You passively map the area around you.
Your cowardice makes you less effective in combat with threatening foes.
You do not regenerate.
Your skin changes colour to match your surroundings (Stealth+).
You possess an exceptional clarity of mind.
You are clumsy. (Dex -2)


   Skills:
 + Level 9.1 Fighting
 * Level 4.1 Throwing
 + Level 8.8 Dodging
 - Level 2.4 Stealth
 - Level 1.7 Spellcasting
 - Level 0.8 Conjurations
 + Level 2.0 Transmutations
 - Level 2.6 Fire Magic
 - Level 2.0 Air Magic
 * Level 4.6 Earth Magic
 - Level 2.0 Poison Magic


You had 3 spell levels left.
You knew the following spells:

 Your Spells              Type           Power      Damage    Failure   Level
a - Foxfire               Conj/Fire      16%        2x1d4     26%         1
b - Poisonous Vapours     Pois/Air       8%         N/A       34%         2
c - Statue Form           Tmut/Erth      4%         N/A       100%        6

Your spell library contained the following spells:

 Spells                   Type           Power      Damage    Failure   Level
 Sting                    Tmut/Pois      16%        1d3       24%         1
 Scorch                   Fire           10%        2d5       26%         2
 Animate Skeleton         Necr           0%         N/A       47%         1
 Corpse Rot               Necr/Air       4%         N/A       47%         2
 Ignite Poison            Fire/Tmut/Pois 5%         N/A       54%         3
 Conjure Flame            Conj/Fire      4%         6-21      61%         3
 Inner Flame              Hex/Fire       3%         N/A       67%         3
 Gell's Gravitas          Tloc           0%         N/A       85%         3
 Lesser Beckoning         Tloc           0%         N/A       85%         3
 Teleport Other           Tloc           0%         N/A       85%         3
 Tukima's Dance           Hex            0%         N/A       85%         3
 Leda's Liquefaction      Hex/Erth       2%         N/A       91%         4
 Lee's Rapid Deconstruct  Erth           4%         3d6*      92%         5
 Olgreb's Toxic Radiance  Pois           4%         N/A       93%         4
 Flame Wave               Conj/Fire      4%         2d5       95%         4
 Sticky Flame             Conj/Fire      4%         2d3       95%         4
 Anguish                  Hex/Necr       0%         N/A       99%         4
 Dispel Undead            Necr           0%         3d6       99%         4
 Enfeeble                 Hex            0%         N/A       100%        7

Inventory:

Hand Weapons
 a - the +2 mace of Tyasch {elec, rF++ Int+2, mace}
   (You found it on level 3 of the Dungeon)

   It occasionally discharges a powerful burst of electricity upon striking a
   foe.
   Int:       It affects your intelligence (+2).
   rF:        It greatly protects you from fire.
 t - the +9 short sword "Geim" (weapon) {vorpal, rN+ Str-4 Stlth+, short}
   (You took it off a gnoll on level 8 of the Dungeon)

   It inflicts extra damage upon your enemies.
   Str:       It affects your strength (-4).
   rN:        It protects you from negative energy.
   Stlth:     It makes you more stealthy.
Missiles
 c - 388 stones (quivered) {throwing}
 k - 4 throwing nets {=f!fthrowing}
 r - a boomerang {throwing}
Armour
 b - +0 steam dragon scales
   (You found it on level 8 of the Dungeon)
 d - the +4 ring mail of Japhen (worn) {Dex+4}
   (You found it on level 5 of the Dungeon)

   Dex:       It affects your dexterity (+4).
 e - a +1 helmet
   (You found it on level 6 of the Dungeon)
 l - a +0 pair of boots (worn)
   (You found it on level 2 of the Dungeon)
 m - a +0 helmet (worn)
   (You found it on level 8 of the Dungeon)
 w - a +0 robe
Jewellery
 g - a ring of protection from cold (left hand)
   (You found it on level 1 of the Dungeon)
 h - an amulet of magic regeneration (around neck) {@e2}
   (You found it on level 5 of the Dungeon)
Wands
 i - a wand of polymorph (8)
   (You found it on level 5 of the Dungeon)
Scrolls
 f - 6 scrolls of identify {@r1}
 j - 2 scrolls of vulnerability {!r!r}
 p - 4 scrolls of magic mapping {!r}
 q - a scroll of fog
Potions
 o - a potion of cancellation
 s - 2 potions of attraction {!q}

Dungeon Overview and Level Annotations

Branches:
Dungeon (9/15)             Temple (0/1) D:5            Lair (0/6) D:8
    Orc: D:9-12

Altars:
Fedhas
Hepliaklqana
Okawaru
Ru
Xom

Shops:
D:5 [

Annotations:
D:3 1 runed translucent door, Crazy Yiuf
D:5 2 transporters, exclusion: ice beast
D:7 Maggie, Pikel
D:8 Amaemon
D:9 exclusions: acid dragon and centaur

#.# #..........##########,
. #.#
#...................# , ,
#.###...................#,
............46..........#
,
..###...........#........,
,
....+......##...#........,
,,,
...##....6.##...#4.......
,, ,
....#.###.#######6.......,
,
......##.....##.@s...##..
, , ,
.#######.....##.ss...# ,.
..§§4§§......##......... *
,
..4############..........
, ,,
.§.'4....................
, *
...####..................
* ..
.........................
, *..
........................,
* .. .............. ,,, ,
..


You could see Amaemon, an orange demon (curare) and 3 scorpions.


Message History

The orange demon completely misses you.
Amaemon points at the scorpion and mumbles some strange words.
The scorpion seems to grow toxic.
The scorpion misses you. x2
The scorpion closely misses you. 😨 HP[-10]
You take 10 damage, and now have 37/99 hp.
Unknown command.
Unknown command.
Okay, then.
Okay, then.
Press: ? - help, v - describe, . - travel The floor, spattered with blood.
Okay, then.
Press: ? - help, v - describe, . - travel
Here: Amaemon, wielding a +2 demon whip of venom (almost dead)
The floor, spattered with blood.
You hit Amaemon but do no damage.
You feel sick. The scorpion barely misses you.
The orange demon stings you from afar.
* * * LOW HITPOINT WARNING * * *
Amaemon hits you with a +2 demon whip of venom!
* * * LOW HITPOINT WARNING * * *
You are more poisoned.
Amaemon closely misses you. Amaemon barely misses you.
The scorpion closely misses you. The scorpion stings you.
* * * LOW HITPOINT WARNING * * *
You are lethally poisoned!
You have difficulty breathing.
* * * LOW HITPOINT WARNING * * *
You feel yourself slow down.
The scorpion stings you but does no damage.
The orange demon completely misses you. Amaemon closely misses you.
Amaemon claws you but does no damage.
Amaemon completely misses you. 😱 HP[-19]
You take 19 damage, and now have 18/99 hp.
Unknown command.
Unknown command.
Unknown command.
You feel much better.
* * * LOW HITPOINT WARNING * * *
You feel extremely sick. The scorpion barely misses you.
The scorpion is stunned by your conviction and fails to attack.
The orange demon stings you from afar!
* * * LOW HITPOINT WARNING * * *
You are lethally poisoned!
You have difficulty breathing.
* * * LOW HITPOINT WARNING * * *
You feel as though you will be slow longer.
Amaemon begins to cast a spell, but is stunned by your conviction!
The scorpion barely misses you. x2 😱 HP[-8]
You take 8 damage, and now have 10/99 hp.
Unknown command.
Unknown command.
Your magical essence is drained by the effort!
You feel much better.
* * * LOW HITPOINT WARNING * * *
You feel extremely sick.
The scorpion disappears in a puff of smoke!
The scorpion stings you but does no damage.
The scorpion barely misses you. The scorpion misses you.
The orange demon stings you from afar.
* * * LOW HITPOINT WARNING * * *
Amaemon hits you but does no damage.
You are more poisoned.
Amaemon closely misses you. Amaemon misses you. The scorpion stings you.
You redirect the scorpion's attack!
The scorpion stings itself but does no damage.
The orange demon stings you but does no damage.
Amaemon barely misses you. Amaemon claws you but does no damage.
Amaemon tail-slaps you.
* * * LOW HITPOINT WARNING * * *
You are more poisoned.
Amaemon poisons you!
The scorpion barely misses you. 😱 HP[+5] MP[-1]
You regained 5 hp, and now have 15/99 hp.
Unknown command.
You feel much better.
* * * LOW HITPOINT WARNING * * *
You feel extremely sick.
The scorpion disappears in a puff of smoke!
The scorpion stings you but does no damage.
Amaemon hits you but does no damage.
You are more poisoned.
Amaemon claws you but does no damage. Amaemon tail-slaps you.
You are more poisoned.
Amaemon poisons you! The scorpion misses you.
The orange demon stings you from afar.
* * * LOW HITPOINT WARNING * * *
You are more poisoned.
You have difficulty breathing.
* * * LOW HITPOINT WARNING * * *
You feel as though you will be slow longer.
The scorpion stings you but does no damage.
The scorpion barely misses you. 😱 HP[-6]
You take 6 damage, and now have 9/99 hp.
You feel much better.
You die...
Xom chortles!

Skill      XL: |  1  2  3  4  5  6  7  8  9 10 |
---------------+-------------------------------+-----
Fighting       | 1 2 3 4 5 8 9 |  9.1
Dodging        | 3 5 6 8 |  8.8
Poison Magic   | 1 2 |  2.0
Air Magic      | 1 2 |  2.0
Throwing       | 3 4 |  4.1
Earth Magic    | 3 4 |  4.6
Transmutations | 1 2 |  2.0
Stealth        | |  2.4
Spellcasting   | |  1.7
Conjurations   | |  0.8
Fire Magic     | |  2.6

Action                   |  1- 3 |  4- 6 |  7- 9 | 10-12 || total
-------------------------+-------+-------+-------+-------++-------
Melee: Dagger            |    15 |    62 |       |       ||    77
       Unarmed           |       |     8 |       |       ||     8
       Mace              |       |    36 |   204 |    13 ||   253
       Punch             |       |     1 |     4 |     1 ||     6
       Short sword       |       |       |       |    76 ||    76
Throw: Stone             |       |    28 |    24 |     4 ||    56
 Cast: Foxfire           |    69 |    60 |    87 |     3 ||   219
       Poisonous Vapours |       |     8 |    67 |     7 ||    82
Invok: Sacrifice Courage |       |       |     1 |       ||     1
 Abil: Heal Wounds       |       |     3 |    18 |    12 ||    33
Evoke: Wand              |       |       |     7 |     9 ||    16
  Use: Potion            |       |     9 |     4 |     4 ||    17
       Scroll            |       |     7 |     3 |     1 ||    11
 Stab: Sleeping          |       |     1 |     2 |       ||     3
       Petrified         |       |       |     4 |       ||     4
Armor: Robe              |     6 |    16 |    32 |       ||    54
       Skin              |       |    36 |    25 |       ||    61
       Ring mail         |       |       |    36 |    83 ||   119
Dodge: Dodged            |    10 |    72 |   198 |   138 ||   418
Block: Other             |       |    10 |    41 |       ||    51

Levels and vault maps discovered:
D:1:      scummos_arrival_simple_fountains, layout_basic,
          shapermc_ecumenical_altar_gd, serial_glass, glass_columns_c,
          glass_columns_a, minmay_strange_pillars, item_on_display_a
D:2:      minmay_kobold_bridge, layout_basic
D:3:      layout_basic, mainiacjoe_overflow_catwalk, fedhas_altar_2, uniq_robin,
          uniq_crazy_yiuf_cottage, uniq_terence, uniq_jessica
D:4:      layout_gridville, uniq_pargi, uniq_menkaure
D:5:      gammafunk_cloud_chamber, layout_cave_pools,
          minmay_temple_entry_large_hall, serial_glass, glass_columns_a,
          glass_columns_c, minmay_strange_pillars, feat_on_display,
          item_on_display_a, item_on_display_a, serial_shops, shop, uniq_edmund
D:6:      layout_basic, kennysheep_mini, nicolae_hepliaklqana_monster_ancestors,
          lexackson_kobold_supper
D:7:      layout_loops_corners, uniq_maggie, uniq_joseph, uniq_pikel
D:8:      layout_basic, david_lair_generic, uniq_amaemon
D:9:      layout_rooms, xom_shifter_show, lemuel_tele_altar,
          minmay_orc_entry_guard_dogs

Notes
Turn   | Place    | Note
-------+----------+-------------------------------------------
     0 | D:1      | spaghetti the Deep Dwarf Fire Elementalist began the quest
                  | for the Orb.
     0 | D:1      | Reached XP level 1. HP: 15/15 MP: 3/3
     0 | D:1      | magus.rc [v1.9.6]
   249 | D:1      | Reached skill level 1 in Fighting
   322 | D:1      | Reached XP level 2. HP: 22/25 MP: 0/4
   617 | D:1      | Found a faded altar of an unknown god.
   655 | D:1      | Reached skill level 2 in Fighting
   658 | D:1      | Prayed at the altar of an unknown god.
   658 | D:1      | Became a worshipper of Xom the Capricious
   886 | D:1      | You pick up a book of the Earth and begin reading...
   886 | D:1      | You add the spells Leda's Liquefaction, Lee's Rapid
                  | Deconstruction and Statue Form to your library.
   919 | D:1      | XOM: noise
  1120 | D:2      | XOM: divination: detect creatures
  1169 | D:2      | XOM: noise
  1193 | D:2      | Reached XP level 3. HP: 25/33 MP: 1/5
  1619 | D:2      | You add the spells Sting, Poisonous Vapours and Olgreb's
                  | Toxic Radiance to your library.
  1623 | D:2      | You add the spells Animate Skeleton, Corpse Rot and Dispel
                  | Undead to your library.
  1623 | D:2      | Got the Compendium of Unholy Rites
  1644 | D:2      | Learned a level 2 spell: Poisonous Vapours
  1784 | D:2      | Noticed a scorpion
  1784 | D:2      | a jelly changed into a scorpion
  1784 | D:2      | XOM: polymorph jelly -> scorpion
  1788 | D:2      | Killed a scorpion
  1789 | D:2      | Reached skill level 3 in Dodging
  1789 | D:2      | Reached XP level 4. HP: 27/40 MP: 0/6
  2023 | D:2      | XOM: silly message
  2140 | D:3      | Noticed Jessica
  2149 | D:3      | Killed Jessica
  2150 | D:3      | Reached skill level 3 in Fighting
  2150 | D:3      | Reached skill level 1 in Poison Magic
  2255 | D:3      | Found an iron altar of Okawaru.
  2335 | D:3      | Reached XP level 5. HP: 33/49 MP: 3/7
  2338 | D:3      | Reached skill level 1 in Air Magic
  2502 | D:3      | Found a blossoming altar of Fedhas.
  2743 | D:3      | Noticed Terence
  2753 | D:3      | HP: 9/49 [Terence/+0 hand axe (5)]
  2759 | D:3      | Gained mutation: You are partially covered in large bone
                  | plates. (SH +4) [potion of mutation]
  2759 | D:3      | Gained mutation: You are clumsy. (Dex -2) [potion of
                  | mutation]
  2759 | D:3      | Gained mutation: Your skin changes colour to match your
                  | surroundings (Stealth+). [potion of mutation]
  2759 | D:3      | Gained mutation: You possess an exceptional clarity of
                  | mind. [potion of mutation]
  2771 | D:3      | HP: 11/49 [Terence/+0 hand axe (2)]
  2778 | D:3      | XOM: divination: detect items
  2782 | D:3      | HP: 12/49 [Terence/+0 hand axe (3)]
  2802 | D:3      | Killed Terence
  2849 | D:3      | XOM: 2-stop teleportation journey
  2858 | D:3      | XOM: 9-stop teleportation journey
  2894 | D:3      | Noticed Robin
  2921 | D:3      | XOM: cast spell 'Statue Form'
  2927 | D:3      | Killed Robin
  2981 | D:3      | XOM: summons 3 hostile demons
  3298 | D:3      | Identified the +3 mace of the Crushed Ghosts {holy, Fragile
                  | rF+ Str+3 Stlth+}
  3304 | D:3      | Identified the +2 mace of Tyasch {elec, rF++ Int+2}
  3307 | D:3      | Found a runed translucent door.
  3308 | D:3      | Noticed Crazy Yiuf
  3637 | D:4      | XOM: god gift: 64 gold pieces
  3695 | D:4      | XOM: scenery: 1 doors close
  3706 | D:4      | You add the spells Ignite Poison and Sticky Flame to your
                  | library.
  3713 | D:4      | XOM: scenery: 2 doors open, 1 doors close
  3762 | D:4      | Noticed a phantom
  3770 | D:4      | Killed a phantom
  3771 | D:4      | Reached XP level 6. HP: 42/56 MP: 8/8
  3916 | D:4      | Reached skill level 4 in Dodging
  3916 | D:4      | Reached skill level 2 in Poison Magic
  4053 | D:4      | Noticed Menkaure
  4057 | D:4      | Killed Menkaure
  4058 | D:4      | Reached skill level 4 in Fighting
  4058 | D:4      | Reached skill level 2 in Air Magic
  4065 | D:4      | Noticed Pargi
  4087 | D:4      | Killed Pargi
  4088 | D:4      | Reached skill level 5 in Dodging
  4088 | D:4      | Reached XP level 7. HP: 60/66 MP: 2/9
  4325 | D:5      | Entered Level 5 of the Dungeon
  4325 | D:5      | Found Rouggemu's Armour Emporium.
  4333 | D:5      | Found a transporter.
  4373 | D:5      | Identified the +4 ring mail of Japhen {Dex+4}
  4467 | D:5      | You pick up a book of Maledictions and begin reading...
  4467 | D:5      | You add the spells Tukima's Dance, Anguish and Enfeeble to
                  | your library.
  4471 | D:5      | XOM: potion effect (curing)
  4708 | D:5      | XOM: summons 7 friendly demons
  4731 | D:5      | Reached skill level 5 in Fighting
  4745 | D:5      | Reached skill level 6 in Dodging
  4756 | D:5      | XOM: 3-stop teleportation journey
  4763 | D:5      | Found a staircase to the Ecumenical Temple.
  4764 | D:5      | XOM: summons 7 friendly demons
  4774 | D:5      | Reached XP level 8. HP: 27/75 MP: 0/10
  4778 | D:5      | XOM: polymorph iron imp -> white imp
  4884 | D:5      | You pick up a book of Displacement and begin reading...
  4884 | D:5      | You add the spells Lesser Beckoning, Gell's Gravitas and
                  | Teleport Other to your library.
  4913 | D:5      | XOM: scenery: summon butterflies
  4971 | D:5      | HP: 16/75 [water moccasin (5)]
  4972 | D:5      | XOM: polymorph water moccasin -> tengu
  5005 | D:5      | Noticed Edmund
  5021 | D:5      | XOM: summons 5 friendly demons
  5049 | D:5      | Killed Edmund
  5050 | D:5      | Reached skill level 6 in Fighting
  5050 | D:5      | Reached skill level 7 in Dodging
  5097 | D:5      | HP: 18/76 [something (3)]
  5103 | D:5      | HP: 17/76 [sky beast (1)]
  5133 | D:5      | Found a transporter.
  5412 | D:6      | XOM: scenery: create altars
  5434 | D:6      | XOM: cast spell 'Dispersal'
  5440 | D:6      | HP: 23/117 [yak (7)]
  5447 | D:6      | HP: 25/117 [yak (6)]
  5457 | D:6      | XOM: enchant monster (good)
  5458 | D:6      | Reached skill level 8 in Dodging
  5460 | D:6      | XOM: noise
  5461 | D:6      | Reached skill level 7 in Fighting
  5469 | D:6      | XOM: confuse monster(s)
  5472 | D:6      | Reached skill level 8 in Fighting
  5472 | D:6      | Gained mutation: You passively map the area around you.
                  | [Deep Dwarf growth]
  5472 | D:6      | Reached XP level 9. HP: 36/88 MP: 10/10
  5484 | D:6      | Learned a level 6 spell: Statue Form
  5530 | D:6      | Found a hazy altar of Hepliaklqana.
  5567 | D:6      | Found a sacrificial altar of Ru.
  5575 | D:6      | Fell from the grace of Xom
  5575 | D:6      | Became a worshipper of Ru the Awakened
  5964 | D:6      | Reached skill level 1 in Throwing
  6211 | D:7      | Noticed Maggie
  6247 | D:6      | Reached skill level 2 in Throwing
  6475 | D:7      | HP: 13/90 [acid dragon/splash of acid (29)]
  6593 | D:7      | Noticed Pikel
  6593 | D:7      | XOM: 3-stop teleportation journey
  6702 | D:8      | Found a staircase to the Lair.
  6702 | D:8      | Noticed an elephant
  6702 | D:8      | XOM: 2-stop teleportation journey
  6720 | D:8      | You pick up a book of Maledictions and begin reading...
  7026 | D:8      | Identified a scroll of acquirement
  7026 | D:8      | Acquired 1085 gold pieces
  7028 | D:8      | Gained mutation: Your cowardice makes you less effective in
                  | combat with threatening foes. [Ru sacrifice]
  7028 | D:8      | Reached * piety under Ru
  7032 | D:8      | Reached skill level 1 in Earth Magic
  7073 | D:9      | Found a shimmering altar of Xom.
  7074 | D:9      | Found a shimmering altar of Xom.
  7075 | D:9      | Found a shimmering altar of Xom.
  7075 | D:9      | Found a shimmering altar of Xom.
  7075 | D:9      | Found a shimmering altar of Xom.
  7150 | D:8      | Reached skill level 3 in Throwing
  7150 | D:8      | Reached skill level 2 in Earth Magic
  7221 | D:8      | Reached skill level 1 in Transmutations
  7270 | D:8      | XOM: give mutation
  7270 | D:8      | Lost mutation: You are partially covered in large bone
                  | plates. (SH +4) [Xom's mischief]
  7277 | D:8      | Reached skill level 3 in Earth Magic
  7292 | D:8      | Reached skill level 9 in Fighting
  7328 | D:8      | HP: 17/91 [orc warrior/+0 mace (11)]
  7338 | D:8      | HP: 20/91 [orc warrior/+0 trident[an orc] (11)]
  7403 | D:8      | Reached XP level 10. HP: 57/99 MP: 7/7
  7417 | D:8      | Identified the +9 short sword "Geim" {vorpal, rN+ Str-4
                  | Stlth+}
  7561 | D:8      | Reached skill level 4 in Earth Magic
  7629 | D:8      | Killed an elephant
  7630 | D:8      | Reached skill level 4 in Throwing
  7710 | D:8      | HP: 23/99 [orc priest/divine providence (11)]
  7713 | D:8      | Reached skill level 2 in Transmutations
  7740 | D:8      | Noticed Amaemon
  7740 | D:8      | Noticed an orange demon
  7766 | D:8      | HP: 24/99 [orange demon[Amaemon] (6)]
  7768 | D:8      | HP: 8/99 [poisoned by Amaemon]
  7823 | D:8      | HP: 24/99 [scorpion[Amaemon] (1)]
  7824 | D:8      | HP: 10/99 [asphyx]
  7827 | D:8      | Succumbed to orange demon's concentrated venom

Vanquished Creatures
  An elephant (D:8)
  7 yaks
  A basilisk (D:8)
  Edmund (D:5)
  Menkaure (D:4)
  An acid dragon (D:7)
  A water moccasin (D:8)
  Pargi (D:4)
  A black bear (D:8)
  2 sky beasts
  2 ice beasts (D:6)
  2 orc warriors
  A tengu (D:5)
  An ogre (D:5)
  A phantom (D:4)
  A kobold brigand (D:6)
  A necrophage (D:4)
  4 scorpions
  A howler monkey (D:8)
  A hound (D:4)
  3 jellies
  2 gnoll shamans (D:8)
  2 orc priests (D:8)
  Jessica (D:3)
  Terence (D:3)
  An iguana (D:5)
  3 orc wizards
  Robin (D:3)
  8 gnolls (D:8)
  6 adders
  2 white imps
  An ufetubus (D:6)
  A dart slug (D:1)
  8 orcs
  2 bats
  5 endoplasms
  7 hobgoblins
  7 jackals
  16 kobolds
  2 quokkas
  8 ball pythons
  7 frilled lizards
  15 goblins
  8 rats
  A spectral kobold (D:6)
150 creatures vanquished.

Vanquished Creatures (collateral kills)
  A steam dragon (D:8)
  A sky beast (D:5)
  A centaur (D:6)
  A phantom (D:5)
  A scorpion (D:5)
  An iguana (D:5)
  3 foxfires (D:1)
9 creatures vanquished.

Vanquished Creatures (others)
  A demonic plant (D:1)
  362 foxfires
  2 fungi (D:1)
  20 plants (D:6)
385 creatures vanquished.

Grand Total: 544 creatures vanquished

Table legend:
 A = Non-vault XP
 B = Vault XP
 C = Vault XP percentage of total XP
 D = Non-vault monster count
 E = Vault monster count
 F = Vault count percentage of total count
                 A         B        C        D         E       F
            +---------+---------+-------+---------+---------+-------
      Total |    4607 |    1651 |  26.4 |     120 |      36 |  23.1
            +---------+---------+-------+---------+---------+-------
        D:1 |      35 |       0 |   0.0 |      22 |       0 |   0.0
        D:2 |     111 |       6 |   5.1 |      15 |       5 |  25.0
        D:3 |      33 |     111 |  77.1 |      12 |      14 |  53.8
        D:4 |     262 |     307 |  54.0 |      10 |       2 |  16.7
        D:5 |     944 |     173 |  15.5 |      18 |       1 |   5.3
        D:6 |    1755 |     114 |   6.1 |      17 |      10 |  37.0
        D:7 |     201 |       0 |   0.0 |       2 |       0 |   0.0
        D:8 |    1266 |     940 |  42.6 |      24 |       4 |  14.3
            +---------+---------+-------+---------+---------+-------

Illustrated notes

Table legend:
 A = Kills in this place as a percentage of kills in entire the game.
 B = Kills by you in this place as a percentage of kills by you in the entire game.
 C = Kills by friends in this place as a percentage of kills by friends in the entire game.
 D = Other kills in this place as a percentage of other kills in the entire game.
 E = Experience gained in this place as a percentage of experience gained in the entire game.
 F = Experience gained in this place divided by the number of levels of this place that you have seen.
                   A       B       C       D       E      F
               +-------+-------+-------+-------+-------+----------------------
         Total | 100.0 | 100.0 | 100.0 | 100.0 | 100.0 | 695.3
       Dungeon | 100.0 | 100.0 | 100.0 | 100.0 | 100.0 | 695.3
               +-------+-------+-------+-------+-------+----------------------

Table legend: (Time is in decaauts)
 A = Elapsed time spent in this place.
 B = Non-inter-level travel time spent in this place.
 C = Inter-level travel time spent in this place.
 D = Time resting spent in this place.
 E = Time spent auto-exploring this place.
 F = Levels seen in this place.
 G = Mean time per level.
                   A        B        C        D        E       F      G
               +--------+--------+--------+--------+--------+-----+--------+
         Total |   7983 |   7566 |    417 |    749 |   4717 |   9 |  887.0 |
       Dungeon |   7983 |   7566 |    417 |    749 |   4717 |   9 |  887.0 |
               +--------+--------+--------+--------+--------+-----+--------+

Top non-repeatable levels by time:
     D:6: 1280 daAuts
     D:3: 1258 daAuts
     D:2: 1155 daAuts
     D:8: 1036 daAuts
     D:4: 1031 daAuts
     D:1: 978 daAuts
     D:5: 833 daAuts
     D:7: 209 daAuts
     D:9: 200 daAuts
